 Dungeon Crawl Stone Soup version 0.30-a0-949-g53dc5368d7 (webtiles) character file.

Game seed: 9799601923463861620

35 MachoJfn the Magician (level 3, 20/25 HPs)
             Began as a Djinni Hedge Wizard on Mar 27, 2023.
             Quit the game on level 2 of the Dungeon.
             The game lasted 00:04:07 (789 turns).

MachoJfn the Magician (Djinni Hedge Wizard)          Turns: 789, Time: 00:04:08

Health: 20/25      AC:  3    Str:  9    XL:     3   Next: 55%
Gold:   99         EV: 12    Int: 17    God:
                   SH:  0    Dex: 12

rFire   + + .      SeeInvis .    a - +0 dagger
rCold   x . .      Faith    .    (no shield)
rNeg    . . .      Spirit   .    b - +0 robe
rPois   ∞          Reflect  .    c - +0 hat
rElec   .          Rampage  .    e - +0 cloak
rCorr   .                        (no gloves)
Will    .....                    (boots unavailable)
Stlth   ++                       (no amulet)
HPRegen 0.24/turn                (no ring)
MPRegen 0.00/turn                (no ring)

@: flying
A: sickness immunity, fire resistance 2, cold vulnerability 1, float, innate
caster, HP casting, extra vitality 1
a: no special abilities


You were on level 2 of the Dungeon.
You visited 1 branch of the dungeon, and saw 2 of its levels.

You collected 99 gold pieces.

Inventory:

Hand Weapons
 a - a +0 dagger (weapon)
Missiles
 d - 19 stones
 k - 3 boomerangs (quivered)
Armour
 b - a +0 robe (worn)
 c - a +0 hat (worn)
 e - a +0 cloak (worn)
Jewellery
 g - a ring of willpower
Scrolls
 i - a scroll of teleportation {unknown}
 j - a scroll of identify {unknown}
Potions
 f - a potion of cancellation {unknown}
 h - a potion of brilliance {unknown}
 l - a potion of haste {unknown}


   Skills:
 + Level 2.3 Dodging
 + Level 1.8 Stealth
 + Level 3.2 Spellcasting


You knew the following spells:

 Your Spells              Type           Power      Damage    Failure   Level
a - Magic Dart            Conj           52%        1d5       4%          1
b - Slow                  Hex            52%        N/A       4%          1
c - Blink                 Tloc           26%        N/A       7%          2
d - Call Imp              Summ           13%        N/A       7%          2
e - Mephitic Cloud        Conj/Pois/Air  13%        N/A       13%         3
f - Foxfire               Conj/Fire      52%        2x1d6     4%          1
Your spell library was empty.

Dungeon Overview and Level Annotations

Branches:
Dungeon (2/15)

Altars:


Innate Abilities, Weirdness & Mutations

You are immune to sickness and miasma.
You are immune to poison.
Your flesh is very heat resistant. (rF++)
You are vulnerable to cold. (rC-)
You float through the air rather than walking.
You learn spells naturally, not from books.
Your magical power is your life essence.
You have superior vitality. (+4 MHP)


Message History

Press: ? - help, Shift-Dir - straight line, f/p - giant cockroach
Aim: a giant cockroach (100% to hit)
The magic dart hits the giant cockroach.
The giant cockroach is heavily wounded.
Casting: Magic Dart (safe; 4% risk of failure)
Confirm with . or Enter, or press ? or * to list all spells.
Aiming: Magic Dart (safe; 4% risk of failure)
Press: ? - help, Shift-Dir - straight line, f/p - giant cockroach
Aim: a giant cockroach (moderately wounded, 100% to hit)
The magic dart hits the giant cockroach.
The giant cockroach is heavily wounded.
Casting: Magic Dart (safe; 4% risk of failure)
Confirm with . or Enter, or press ? or * to list all spells.
Aiming: Magic Dart (safe; 4% risk of failure)
Press: ? - help, Shift-Dir - straight line, f/p - giant cockroach
Aim: a giant cockroach (heavily wounded, 100% to hit)
The magic dart hits the giant cockroach but does no damage.
The giant cockroach is heavily wounded.
Casting: Magic Dart (safe; 4% risk of failure)
Confirm with . or Enter, or press ? or * to list all spells.
Aiming: Magic Dart (safe; 4% risk of failure)
Press: ? - help, Shift-Dir - straight line, f/p - giant cockroach
Aim: a giant cockroach (heavily wounded, 100% to hit)
The magic dart hits the giant cockroach but does no damage.
The giant cockroach is heavily wounded.
The giant cockroach waves its antennae.
The giant cockroach closely misses you.
Casting: Magic Dart (safe; 4% risk of failure)
Confirm with . or Enter, or press ? or * to list all spells.
Aiming: Magic Dart (safe; 4% risk of failure)
Press: ? - help, Shift-Dir - straight line, f/p - giant cockroach
Aim: a giant cockroach (moderately wounded, 100% to hit)
The magic dart hits the giant cockroach.
You kill the giant cockroach!
Casting: Magic Dart (safe; 4% risk of failure)
Confirm with . or Enter, or press ? or * to list all spells.
Aiming: Magic Dart (safe; 4% risk of failure)
Press: ? - help, Shift-Dir - straight line, f - you
Okay, then.
Are you sure you want to abandon this character and quit the game? (Confirm with "yes".)

#### ...
####.##
#.....#
#.###.....#
......†@..###
###.##+#[<..#
#......#
#..)...#
#......#
#......#
.......#
###....##
#.)..#


There were no monsters in sight!

Vanquished Creatures
  A gnoll (D:1)
  2 bats (D:1)
  An endoplasm (D:1)
  2 giant cockroaches
  3 goblins (D:1)
  6 hobgoblins (D:1)
  2 kobolds (D:1)
  2 ball pythons (D:1)
  2 frilled lizards (D:1)
  A rat (D:1)
22 creatures vanquished.

Notes
Turn   | Place    | Note
-------+----------+-------------------------------------------
     0 | D:1      | MachoJfn the Djinni Hedge Wizard began the quest for the
                  | Orb.
     0 | D:1      | MachoJfn set off with the following spells memorised: Magic
                  | Dart, Slow, Blink, Call Imp, Mephitic Cloud.
     0 | D:1      | Reached XP level 1. HP: 15/15 MP: 0/0
   126 | D:1      | Reached XP level 2. HP: 19/21 MP: 0/0
   344 | D:1      | Reached skill level 3 in Spellcasting
   460 | D:1      | Reached XP level 3. HP: 21/25 MP: 0/0
   460 | D:1      | Learned a level 1 spell: Foxfire
   789 | D:2      | Quit the game

Illustrated notes

Levels and vault maps discovered:
D:1:      dpeg_arrival_concentric_ovals, layout_loops_ring
D:2:      layout_basic, serial_bayou_pond_d, uniq_jessica

Skill      XL: |  1  2 |
---------------+-------+-----
Spellcasting   | 3 |  3.2
Dodging        | |  2.3
Stealth        | |  1.8

Action                     || total
---------------------------++-------
  Melee: Dagger            ||     3
  Throw: Boomerang         ||     3
   Cast: Magic Dart        ||    53
         Blink             ||     1
 Armour: Robe              ||     2
  Dodge: Dodged            ||     5

Table legend: (Time is in decaauts)
 A = Elapsed time spent in this place.
 B = Non-inter-level travel time spent in this place.
 C = Inter-level travel time spent in this place.
 D = Time resting spent in this place.
 E = Time spent auto-exploring this place.
 F = Levels seen in this place.
 G = Mean time per level.
                   A        B        C        D        E       F      G
               +--------+--------+--------+--------+--------+-----+--------+
         Total |    789 |    682 |    107 |     58 |    493 |   2 |  394.5 |
       Dungeon |    789 |    682 |    107 |     58 |    493 |   2 |  394.5 |
               +--------+--------+--------+--------+--------+-----+--------+

Top non-repeatable levels by time:
     D:1: 776 daAuts
     D:2: 12 daAuts
